 Dungeon Crawl Stone Soup version 0.27-a0-1202-ge72e49191c (webtiles) character file.

Game seed: 5302172876785257684

913 freelancePsychic the Cudgeller (level 7, -6/48 HPs)
             Began as a Palentonga Warper on June 4, 2021.
             Was a Priest of Hepliaklqana.
             Killed by nerve-wracking pain
             ... invoked by a shadow imp
              (12 damage)
             ... on level 6 of the Dungeon.
             The game lasted 00:11:10 (6238 turns).

freelancePsychic the Cudgeller (Palentonga Warper)  Turns: 6238, Time: 00:11:10

Health: -6/48      AC: 15    Str: 16    XL:     7   Next: 82%
Magic:  10/10      EV:  7    Int: 20    God:    Hepliaklqana [***...]
Gold:   12         SH: 13    Dex:  9    Spells: 8/10 levels left

rFire    . . .     SeeInvis +   q - +0 flail
rCold    . . .     Faith    .   A - +0 kite shield {AC+3}
rNeg     . . .     Spirit   .   b - +0 leather armour
rPois    .         Reflect  +   (no helmet)
rElec    .         Harm     .   (no cloak)
rCorr    .         Rampage  .   g - +0 pair of gloves
Will     .....                  (no barding)
Stlth    +.........             t - amulet of reflection
HPRegen  0.16/turn              s - +6 ring of intelligence
MPRegen  0.12/turn              (no ring)

@: very slightly contaminated, invisible (expiring), curled up
A: reduced essence, large, rugged brown scales 3, see invisible, deformed body,
roll 1, armoured tail, reflexive curl, mutation resistance 1, subdued magic 1
a: Rolling Charge, Renounce Religion, Recall Ancestor, Ancestor Identity,
Transference


You were on level 6 of the Dungeon.
You worshipped Hepliaklqana.
Hepliaklqana was most pleased with you.
You visited 1 branch of the dungeon, and saw 6 of its levels.

You collected 199 gold pieces.
You spent 187 gold pieces at shops.

Inventory:

Hand Weapons
 a - a +0 mace
 q - a +0 flail (weapon)
Missiles
 e - 5 boomerangs of dispersal
 p - 9 boomerangs
 w - a throwing net
Armour
 b - a +0 leather armour (worn)
 g - a +0 pair of gloves (worn)
 n - a +0 plate armour
 A - a +0 kite shield of protection (worn)
Jewellery
 s - a +6 ring of intelligence (left hand)
 t - an amulet of reflection (around neck)
 v - an amulet of the acrobat
Wands
 o - a wand of acid (7)
 z - a wand of flame (19)
Scrolls
 d - 2 scrolls of blinking
 h - 2 scrolls of identify {@r1}
 i - a scroll of teleportation {@r4}
Potions
 c - 2 potions of haste {@q3}
 f - 2 potions of lignification {unknown}
 j - 2 potions of curing {@q1}
 k - a potion of might
 l - a potion of flight {unknown}
 m - a potion of invisibility
 x - a potion of resistance {unknown}


   Skills:
 - Level 2.2 Fighting
 + Level 6.5 Maces & Flails
 - Level 0.6 Throwing
 - Level 0.7 Armour
 - Level 1.5 Dodging
 + Level 3.8 Shields
 - Level 2.0 Spellcasting
 - Level 4.9 Translocations


You had 8 spell levels left.
You knew the following spells:

 Your Spells              Type           Power      Damage    Failure   Level
a - Blink                 Tloc           N/A        N/A       10%         2

Your spell library contained the following spells:

 Spells                   Type           Power      Damage    Failure   Level
 Gell's Gravitas          Tloc           8%         N/A       21%         3
 Lesser Beckoning         Tloc           8%         N/A       21%         3
 Teleport Other           Tloc           16%        N/A       21%         3
 Foxfire                  Conj/Fire      4%         2x1d4     47%         1
 Magic Dart               Conj           4%         1d3       47%         1
 Call Imp                 Summ           1%         N/A       61%         2
 Slow                     Hex            1%         N/A       61%         2
 Conjure Flame            Conj/Fire      1%         6-21      85%         3
 Inner Flame              Hex/Fire       1%         N/A       85%         3
 Mephitic Cloud           Conj/Pois/Air  1%         N/A       85%         3
 Manifold Assault         Tloc           16%        N/A       89%         5
 Sticky Flame             Conj/Fire      1%         2d3       99%         4
 Fireball                 Conj/Fire      0%         3d3       100%        5


Dungeon Overview and Level Annotations

Branches:
Dungeon (6/15)
 Temple: D:4-7

Altars:
Ashenzari
Cheibriados
Hepliaklqana
Nemelex Xobeh

Shops:
D:1 [   D:5 *

Annotations:
D:5 2 runed translucent doors, McSplat's ghost, novice HuWz


Innate Abilities, Weirdness & Mutations

Your life essence is reduced to manifest your ancestor. (-10% HP)
You are completely covered in rugged brown scales. (AC +3, +7% HP)
You have supernaturally acute eyesight. (SInv)
Armour fits poorly on your strangely shaped body.
You can roll at nearby foes to attack.
You have a long armoured tail.
You curl defensively after being hit.
You are somewhat resistant to further mutation.
Your spells are a little easier to cast, but a little less powerful.


Message History

The water moccasin bites Arthur.
Arthur hits the water moccasin with a +0 dagger of draining!
Arthur drains the water moccasin.
The water moccasin dies!
A centaur comes into view.
You block the shadow imp's attack.
A howler monkey comes into view.
The centaur moves out of view.
The howler monkey howls!
The black bear bites Arthur.
The black bear claws Arthur but does no damage.
The black bear closely misses Arthur.
The howler monkey howls!
The human barely misses Arthur.
The black bear bites Arthur!
The black bear claws Arthur but does no damage.
The black bear claws Arthur.
The centaur wields a +0 shortbow.
The centaur shoots an arrow.
The arrow hits the howler monkey.
Arthur gestures at the black bear while chanting.
The black bear seems to slow down.
The iguana hisses angrily.
The iguana hisses angrily.
Something hits Arthur.
The centaur shoots an arrow.
The arrow hits you!
* * * LOW HITPOINT WARNING * * *
Arthur casts a spell at the human.
The iguana resists with significant effort.
The iguana bites something! 2 wights come into view.
Arthur has departed this plane of existence. 2 wights come into view.
A wight comes into view. It is wielding a +5 short sword.
The wight completely misses you. You block the wight's attack.
Found a falchion.
You flicker for a moment.
The shadow imp laughs crazily.
The shadow imp gestures at you. Pain shoots through your body!
You die...

.###........ ..##
...)...##.....>..†
..#.##......###...Rl#h.
............####...#..
#...........###..[p..
#............###..###
###.............c.#
...#...........#.....#
.......@zz....###..#.###
.#........z.z####..#....
...........zc.#.#....###
..............p...#...#
#...#.......5.####...##
##..##.#......# #..# #..
#.....##...# .... ..
#..##.##.... ..#. .. ..
..... ..#


You could see a human, a centaur, 5 wights and a shadow imp.

Vanquished Creatures
  2 humans (D:6)
  A bullfrog (D:6)
  A hound (D:6)
  A bullfrog skeleton (D:4)
  A centaur skeleton (D:5)
  A killer bee zombie (D:5)
  A gnoll (D:4)
  3 adders
  An adder skeleton (D:4)
  A dart slug (D:1)
  A hexer (D:5)
  An orc (D:3)
  3 bats
  10 endoplasms
  2 giant cockroaches (D:1)
  2 goblins
  7 hobgoblins
  5 jackals
  A quokka (D:5)
  3 ball pythons (D:1)
  5 frilled lizards
  8 kobolds
  6 rats
67 creatures vanquished.

Vanquished Creatures (collateral kills)
  3 water moccasins
  2 adders
  2 gnolls (D:4)
  An adder zombie (D:5)
  2 bats
  A hobgoblin (D:1)
  A jackal (D:5)
  5 frilled lizards
  2 kobolds (D:3)
19 creatures vanquished.

Vanquished Creatures (others)
  A ghoul (D:1)
  2 minotaurs (D:1)
  An octopode (D:1)
  2 elves (D:1)
  A vine stalker (D:1)
  A formicid (D:1)
  A vampire (D:1)
  A naga (D:1)
  2 dwarves (D:1)
  2 ogres (D:1)
  A centaur (D:1)
  2 hexers (D:6)
  A plant (D:3)
  10 tentacles (D:1)
28 creatures vanquished.

Grand Total: 114 creatures vanquished

Notes
Turn   | Place    | Note
-------+----------+-------------------------------------------
     0 | D:1      | freelancePsychic the Palentonga Warper began the quest for
                  | the Orb.
     0 | D:1      | Reached XP level 1. HP: 17/17 MP: 3/3
     2 | D:1      | Noticed an octopode
     2 | D:1      | Noticed a vine stalker
     2 | D:1      | Noticed a dwarf
     2 | D:1      | Noticed a naga
     2 | D:1      | Noticed an ogre
     2 | D:1      | Noticed a centaur
     2 | D:1      | Noticed a dwarf
     2 | D:1      | Noticed a vampire
     2 | D:1      | Noticed a kraken
     2 | D:1      | Noticed an ogre
     2 | D:1      | Noticed an elf
     2 | D:1      | Noticed a ghoul
     2 | D:1      | Noticed a formicid
     2 | D:1      | Noticed a minotaur
     2 | D:1      | Noticed a minotaur
     2 | D:1      | Noticed an elf
     4 | D:1      | Killed an ogre
     5 | D:1      | Killed an elf
     5 | D:1      | Killed a dwarf
     5 | D:1      | Killed a centaur
     6 | D:1      | Killed an octopode
     8 | D:1      | Killed a naga
     8 | D:1      | Killed a minotaur
    10 | D:1      | Killed a vine stalker
    10 | D:1      | Killed a dwarf
    11 | D:1      | Killed a formicid
    11 | D:1      | Killed a minotaur
    12 | D:1      | Killed an elf
    14 | D:1      | Killed a ghoul
    16 | D:1      | Killed a vampire
    16 | D:1      | Killed an ogre
   361 | D:1      | Reached XP level 2. HP: 22/23 MP: 5/5
   445 | D:1      | Found Hovaviu's Antique Armour Emporium.
   619 | D:1      | Found a faded altar of an unknown god.
   621 | D:1      | Became a worshipper of Hepliaklqana the Forgotten
   621 | D:1      | Reached * piety under Hepliaklqana
  1075 | D:2      | Reached XP level 3. HP: 26/26 MP: 6/6
  1772 | D:2      | Reached ** piety under Hepliaklqana
  1773 | D:2      | Remembered your ancestor Arthur as a hexer
  1944 | D:3      | Reached skill level 3 in Maces & Flails
  2131 | D:3      | Found a broken altar of Ashenzari.
  2189 | D:3      | Found a snail-covered altar of Cheibriados.
  2222 | D:3      | Learned a level 2 spell: Blink
  2633 | D:3      | Reached XP level 4. HP: 27/32 MP: 7/7
  3390 | D:4      | Reached XP level 5. HP: 19/36 MP: 3/8
  3911 | D:5      | Entered Level 5 of the Dungeon
  3953 | D:5      | Reached *** piety under Hepliaklqana
  3976 | D:5      | Reached skill level 4 in Maces & Flails
  4140 | D:5      | Found a sparkling altar of Nemelex Xobeh.
  4539 | D:5      | Found a large runed translucent door.
  4540 | D:5      | Found a large runed translucent door.
  4542 | D:5      | Noticed McSplat's ghost (novice HuWz)
  4757 | D:5      | Found Beujen's Serpentskin Sales.
  4757 | D:5      | Noticed a water moccasin
  4757 | D:5      | Noticed a water moccasin
  5210 | D:4      | HP: 1/36 [poisoned by a water moccasin]
  5673 | D:1      | Bought a glowing kite shield for 187 gold pieces
  5730 | D:3      | Killed a water moccasin
  5731 | D:3      | Reached skill level 1 in Shields
  5731 | D:3      | Reached XP level 6. HP: 40/42 MP: 9/9
  5914 | D:5      | Killed a water moccasin
  5915 | D:5      | Reached skill level 5 in Maces & Flails
  6154 | D:6      | Gained mutation: Your spells are a little easier to cast,
                  | but a little less powerful. [potion of mutation]
  6154 | D:6      | Gained mutation: You are somewhat resistant to further
                  | mutation. [potion of mutation]
  6160 | D:6      | Noticed a human
  6161 | D:6      | Noticed a human
  6163 | D:6      | Gained mutation: You curl defensively after being hit.
                  | [Palentonga growth]
  6163 | D:6      | Reached XP level 7. HP: 16/48 MP: 10/10
  6190 | D:6      | Killed a human
  6192 | D:6      | Noticed a human
  6194 | D:6      | Killed a human
  6195 | D:6      | Reached skill level 6 in Maces & Flails
  6196 | D:6      | Noticed a human
  6238 | D:6      | Killed from afar by a shadow imp

Illustrated notes

Levels and vault maps discovered:
D:1:      nicolae_arrival_kraken_aquarium_b, layout_basic, serial_shops,
          shop_fountains, chequers_ecumenical_altar_twisty
D:2:      layout_loops_ring, glass_columns_a, amcnicky_mini_pool_small,
          minmay_lizard_pond
D:3:      layout_loops_ring, nicolae_overflow_hidden_temple, ashenzari_altar_1,
          lemuel_doored_altar, lexackson_kobold_supper
D:4:      layout_rooms
D:5:      layout_basic, lemuel_coloured_pillars_altar,
          ebering_ghost_disaster_area, guppyfry_shop_venom
D:6:      layout_cave_pools, portal_sewer_entry_d, minmay_ruffians

Skill      XL: |  1  2  3  4  5  6  7 |
---------------+----------------------+-----
Maces & Flails | 3 4 5 6 |  6.5
Translocations | 4 |  4.9
Shields        | 1 2 3 |  3.8
Fighting       | |  2.2
Throwing       | |  0.6
Armour         | |  0.7
Dodging        | |  1.5
Spellcasting   | |  2.0

Action                   |  1- 3 |  4- 6 |  7- 9 || total
-------------------------+-------+-------+-------++-------
Melee: Mace              |   108 |       |       ||   108
       Tailslap          |     6 |     7 |     3 ||    16
       Flail             |    10 |   106 |    25 ||   141
 Cast: Blink             |     1 |    14 |       ||    15
Invok: Ancestor Life: He |     1 |       |       ||     1
       Ancestor Identity |     1 |       |       ||     1
       Recall Ancestor   |       |     1 |       ||     1
 Abil: Rolling Charge    |    34 |    19 |     1 ||    54
  Use: Scroll            |     1 |     7 |     1 ||     9
       Potion            |       |     3 |     3 ||     6
 Stab: Confused          |       |     3 |       ||     3
       Distracted        |       |     1 |       ||     1
Armor: Leather armour    |    49 |    37 |     6 ||    92
Dodge: Dodged            |    61 |    43 |    14 ||   118
Block: Other             |       |    17 |       ||    17
       Kite shield       |       |    12 |    25 ||    37
       Reflection        |       |       |     2 ||     2

Table legend: (Time is in decaauts)
 A = Elapsed time spent in this place.
 B = Non-inter-level travel time spent in this place.
 C = Inter-level travel time spent in this place.
 D = Time resting spent in this place.
 E = Time spent auto-exploring this place.
 F = Levels seen in this place.
 G = Mean time per level.
                   A        B        C        D        E       F      G
               +--------+--------+--------+--------+--------+-----+--------+
         Total |   6286 |   6015 |    271 |    683 |   4673 |   6 | 1047.7 |
       Dungeon |   6286 |   6015 |    271 |    683 |   4673 |   6 | 1047.7 |
               +--------+--------+--------+--------+--------+-----+--------+

Top non-repeatable levels by time:
     D:4: 1519 daAuts
     D:5: 1424 daAuts
     D:3: 1256 daAuts
     D:1: 1014 daAuts
     D:2: 972 daAuts
     D:6: 98 daAuts
